 Dungeon Crawl Stone Soup version 0.23-a0-577-g2b1de944cd (webtiles) character file.

342 LordofOblivion the Magician (level 6, -3/32 HPs)
             Began as a Deep Elf Venom Mage on Dec 15, 2018.
             Slain by an orc
             ... wielding a +0 short sword
              (5 damage)
             ... on level 4 of the Dungeon.
             The game lasted 00:24:00 (4065 turns).

LordofOblivion the Magician (Deep Elf Venom Mage)   Turns: 4065, Time: 00:24:00

Health: -3/32      AC:  4    Str:  5    XL:     6   Next: 30%
Magic:  2/15       EV: 14    Int: 22    God:
Gold:   250        SH:  0    Dex: 15    Spells: 9/15 levels left

rFire    . . .     SeeInvis .   f - +0 dagger
rCold    . . .     Gourm    .   (no shield)
rNeg     . . .     Faith    .   a - +0 robe
rPois    .         Spirit   .   g - +0 helmet
rElec    .         Reflect  .   q - +0 cloak
rCorr    .         Harm     .   (no gloves)
MR       .....                  (no boots)
Stlth    ++........             (no amulet)
HPRegen  0.10/turn              m - ring of wizardry
MPRegen  0.14/turn              (no ring)

@: no status effects
A: no striking features
a: no special abilities


You were on level 4 of the Dungeon.
You were not hungry.

You visited 1 branch of the dungeon, and saw 4 of its levels.

You collected 250 gold pieces.

Inventory:

Hand Weapons
 f - a +0 dagger (weapon)
Armour
 a - a +0 robe (worn)
 g - a +0 helmet (worn)
 q - a +0 cloak (worn)
Jewellery
 m - a ring of wizardry (left hand)
 p - an uncursed ring of flight {unknown}
Scrolls
 h - 2 scrolls of identify
 i - 3 scrolls of teleportation {unknown}
 j - 2 scrolls of immolation {unknown}
 k - 3 scrolls of enchant armour {unknown}
 l - 2 scrolls of amnesia {unknown}
 n - a scroll of fog {unknown}
Potions
 b - a potion of heal wounds {unknown}
 d - a potion of haste {unknown}
 e - 2 potions of curing {unknown}
 r - a potion of degeneration {unknown}
Comestibles
 c - 4 rations
 o - a chunk of flesh


   Skills:
 + Level 4.4 Dodging
 - Level 2.4 Stealth
 + Level 5.2 Spellcasting
 - Level 1.3 Conjurations
 + Level 2.7 Air Magic
 + Level 4.9 Poison Magic


You had 9 spell levels left.
You knew the following spells:

 Your Spells              Type           Power        Failure   Level  Hunger
a - Sting                 Conj/Pois      ###.         1%          1    None
b - Poisonous Vapours     Pois/Air       ###...       1%          2    None
c - Mephitic Cloud        Conj/Pois/Air  ###.....     3%          3    ##.....

Your spell library contained the following spells:

 Spells                   Type           Power        Failure   Level  Hunger
 Olgreb's Toxic Radiance  Pois           ####....     5%          4    ####...
 Venom Bolt               Conj/Pois      ###.......   28%         5    #####..


Dungeon Overview and Level Annotations

Branches:
Dungeon (3/15)

Altars:
Kikubaaqudgha
The Shining One


Message History

The orc wizard hits you but does no damage.
The orc wizard misses you.
You closely miss the orc wizard.
The orc wizard is heavily wounded.
The orc wizard barely misses you.
You closely miss the orc wizard.
The orc wizard is heavily wounded.
The orc wizard hits you with a +0 dagger.
The orc wizard casts a spell at you. The magic dart hits you!
You hit the orc wizard.
The orc wizard is severely wounded.
The orc wizard gestures wildly while chanting.
The orc wizard blinks!
You hit the orc but do no damage. The orc hits you but does no damage.
The orc wizard gestures at you while chanting.
The magic dart hits you!
* * * LOW HITPOINT WARNING * * *
The orc hits you with a +0 short sword.
You die...

#.###.######ยง##
#........)..o.#
#####o#######......
#.# ..... #.# ....
#)# ... #####.####
.. #...oo...# .
#..@.....#
#........#
#####.#### #.# #.#
#.#### #.# #.#...
#.# #.#.## #.#
#.#... #.# #.#...


You could see an orc wizard and an orc.

Vanquished Creatures
  2 orc priests (D:4)
  A gnoll shaman (D:4)
  Jessica (D:2)
  An orc wizard (D:4)
  A worker ant (D:4)
  5 gnolls (D:4)
  5 adders
  2 oozes
  2 worms (D:4)
  3 dart slugs (D:2)
  2 leopard geckos (D:1)
  A ball python (D:2)
  8 bats
  2 bat zombies (D:3)
  5 giant cockroaches (D:2)
  8 goblins
  4 hobgoblins
  4 jackals (D:3)
  3 frilled lizards
  9 kobolds
  8 rats
  4 rat zombies (D:3)
81 creatures vanquished.

Notes
Turn   | Place    | Note
-------+----------+-------------------------------------------
     0 | D:1      | LordofOblivion the Deep Elf Venom Mage began the quest for
                  | the Orb.
     0 | D:1      | Reached XP level 1. HP: 10/10 MP: 6/6
   327 | D:1      | Reached XP level 2. HP: 15/15 MP: 6/8
   347 | D:1      | Learned a level 2 spell: Poisonous Vapours
  1043 | D:2      | Reached XP level 3. HP: 19/19 MP: 1/10
  1243 | D:2      | Reached skill level 1 in Air Magic
  1326 | D:2      | Reached skill level 4 in Spellcasting
  1479 | D:2      | Reached XP level 4. HP: 23/24 MP: 9/12
  1589 | D:2      | Noticed Jessica
  1594 | D:2      | Killed Jessica
  1665 | D:2      | Found a glowing golden altar of the Shining One.
  2093 | D:2      | Learned a level 3 spell: Mephitic Cloud
  2643 | D:3      | Reached XP level 5. HP: 26/28 MP: 8/13
  2775 | D:3      | Found an ancient bone altar of Kikubaaqudgha.
  3064 | D:3      | You fall through a shaft!
  3678 | D:4      | Reached skill level 5 in Spellcasting
  3866 | D:4      | Reached XP level 6. HP: 25/32 MP: 11/15
  4065 | D:4      | Slain by an orc

Vault maps used:
D:1:      minmay_arrival_statue_studded, grunt_decor_cap, chequers_jeans,
          columned_hall_lemuel
D:2:      nicolae_tso_swordbearing_angel, uniq_jessica
D:3:      lemuel_zombie_altar_kikubaaqudgha
D:4:      elyvilon_altar_5, first_ration

Skill      XL: |  1  2  3  4  5 |
---------------+----------------+-----
Dodging        | 3 4 |  4.4
Air Magic      | 1 2 |  2.7
Spellcasting   | 4 5 |  5.2
Poison Magic   | 4 |  4.9
Stealth        | |  2.4
Conjurations   | |  1.3

Action                   |  1- 3 |  4- 6 || total
-------------------------+-------+-------++-------
Melee: Unarmed           |     1 |       ||     1
       Dagger            |    22 |    96 ||   118
 Cast: Sting             |    35 |    45 ||    80
       Poisonous Vapours |    19 |    43 ||    62
       Mephitic Cloud    |       |     6 ||     6
  Use: Scroll            |       |     1 ||     1
  Eat: Chunk             |     1 |       ||     1
       Ration            |     1 |     2 ||     3
Armor: Robe              |     7 |    49 ||    56
Dodge: Dodged            |    31 |   160 ||   191

Table legend:
 A = Non-vault XP
 B = Vault XP
 C = Vault XP percentage of total XP
 D = Non-vault monster count
 E = Vault monster count
 F = Vault count percentage of total count
                 A         B        C        D         E       F
            +---------+---------+-------+---------+---------+-------
      Total |     444 |      45 |   9.2 |      74 |       7 |   8.6
            +---------+---------+-------+---------+---------+-------
        D:1 |      36 |       0 |   0.0 |      15 |       0 |   0.0
        D:2 |     107 |      37 |  25.7 |      34 |       1 |   2.9
        D:3 |      25 |       8 |  24.2 |      11 |       6 |  35.3
        D:4 |     276 |       0 |   0.0 |      14 |       0 |   0.0
            +---------+---------+-------+---------+---------+-------
